 Seeded DCSS version 0.29.0-7-g18a832c13a (webtiles) character file.

Game seed: 1 (custom seed)

831 Kazon the Covered (level 7, -1/58 HPs)
             Began as a Demigod Fighter on Aug 31, 2022.
             Slain by a water moccasin (6 damage)
             ... on level 4 of the Dungeon.
             The game lasted 00:13:41 (2885 turns).

Kazon the Covered (Demigod Fighter)                 Turns: 2885, Time: 00:13:41

Health: -1/58      AC:  9    Str: 21    XL:     7   Next: 38%
Magic:  9/9        EV: 10    Int: 10    God:
Gold:   83         SH:  6    Dex: 21    Spells: 6/6 levels left

rFire   . . .      SeeInvis .   s - +3 falchion of Winter {venom, rCorr}
rCold   . . .      Faith    .   c - +0 buckler
rNeg    . . .      Spirit   .   b - +0 scale mail
rPois   .          Reflect  .   r - +0 helmet
rElec   +          Harm     .   (no cloak)
rCorr   +          Rampage  .   (no gloves)
Will    .....                   o - +0 pair of boots "Atrus" {rElec Dex+4}
Stlth   ..........              f - amulet of regeneration
HPRegen 0.99/turn               (no ring)
MPRegen 0.11/turn               (no ring)

@: lethally poisoned (-1 -> -6)
A: high MP 1, forlorn, divine attributes
a: no special abilities


You were on level 4 of the Dungeon.
You visited 1 branch of the dungeon, and saw 4 of its levels.

You collected 267 gold pieces.
You spent 184 gold pieces at shops.

Inventory:

Hand Weapons
 a - a +0 long sword
 e - a +3 dagger of venom
 s - the +3 falchion of Winter (weapon) {venom, rCorr}
   (You bought it in a shop on level 3 of the Dungeon)

   It poisons the flesh of those it strikes.
   rCorr:     It protects you from acid and corrosion.
Missiles
 j - 11 stones
 k - 13 poisoned darts (quivered)
 n - 4 boomerangs
Armour
 b - a +0 scale mail (worn)
 c - a +0 buckler (worn)
 o - the +0 pair of boots "Atrus" (worn) {rElec Dex+4}
   (You acquired it on level 1 of the Dungeon)

   Dex:       It affects your dexterity (+4).
   rElec:     It insulates you from electricity.
 r - a +0 helmet (worn)
Jewellery
 f - an amulet of regeneration (around neck)
Wands
 v - a wand of flame (33)
Scrolls
 l - 2 scrolls of identify {unknown}
 m - a scroll of fog {unknown}
 p - a scroll of immolation {unknown}
 t - a scroll of enchant weapon
 w - a scroll of vulnerability {unknown}
Potions
 d - a potion of might
 g - a potion of haste {unknown}
 h - a potion of flight {unknown}
 i - a potion of attraction {unknown}
 q - a potion of berserk rage {unknown}
 u - a potion of magic {unknown}


   Skills:
 + Level 3.7 Fighting
 + Level 0.7(2.6) Short Blades
 + Level 4.1(4.2) Long Blades
 + Level 2.0 Throwing
 + Level 4.3 Armour
 + Level 2.0 Dodging
 + Level 0.1 Stealth
 + Level 3.9 Shields
 * Level 2.5 Evocations


You had 6 spell levels left.
You didn't know any spells.
Your spell library contained the following spells:

 Spells                   Type           Power      Damage    Failure   Level
 Apportation              Tloc           0%         N/A       78%         1
 Necrotise                Necr           0%         1d4       78%         1
 Sting                    Tmut/Pois      0%         1d3       78%         1
 Summon Small Mammal      Summ           0%         N/A       78%         1
 Ensorcelled Hibernation  Hex/Ice        0%         N/A       89%         2
 Poisonous Vapours        Pois/Air       0%         N/A       89%         2
 Spider Form              Tmut/Pois      0%         N/A       98%         3
 Anguish                  Hex/Necr       0%         N/A       100%        4
 Olgreb's Toxic Radiance  Pois           0%         N/A       100%        4


Dungeon Overview and Level Annotations

Branches:
Dungeon (4/15)
 Temple: D:4-7

Shops:
D:3 (


Innate Abilities, Weirdness & Mutations

You have an increased reservoir of magic. (+10% MP)
You shall have no god before yourself.
Your divine heritage dramatically boosts your attributes as you level up.


Message History

The water moccasin bites you.
You are poisoned.
The water moccasin poisons you!
You feel very sick.
You feel very sick. You block the water moccasin's attack.
You feel very sick.
You feel sick. The water moccasin misses you.
You feel sick.
You see here a +0 flail.
You feel sick.
You feel sick.
The water moccasin bites you but does no damage.
You feel sick.
You feel sick. The water moccasin barely misses you.
You feel sick.
You are no longer poisoned.
The water moccasin attacks as you move away!
The water moccasin bites you but does no damage.
The water moccasin attacks as you move away!
The water moccasin misses you. The water moccasin bites you.
You are poisoned.
The water moccasin poisons you!
You feel very sick.
You feel very sick. The water moccasin barely misses you.
The water moccasin attacks as you move away!
You block the water moccasin's attack.
You feel sick.
You feel sick.
The water moccasin attacks as you move away!
The water moccasin bites you but does no damage.
You feel sick. The water moccasin bites you.
* * * LOW HITPOINT WARNING * * *
You are lethally poisoned!
The water moccasin poisons you!
There is a stone staircase leading down here.
* * * LOW HITPOINT WARNING * * *
You feel very sick. The water moccasin bites you.
You die...

#.##########.####
#......#........#######
######.#.###.##......<##
#.#...).##########.
######.#........#.....')
#......#.######...#####.
#.###.....##..#..## #.
#.###.##........## ##
#......@S....oO.#
#####...#.....#.####
#)..#######....##
#...........##..##
#..############).# #..#
##o## #..# #.O## #..#
##... #..# ####


You could see a water moccasin, an ogre and an orc.

Vanquished Creatures
  Eustachio (D:4)
  A black bear (D:4)
  2 ogres (D:4)
  A phantom (D:4)
  A howler monkey (D:4)
  2 hounds (D:4)
  An orc priest (D:4)
  An orc wizard (D:4)
  Natasha (thrice) (D:4)
  3 gnolls (D:2)
  2 adders (D:2)
  A worm (D:2)
  2 dart slugs
  7 orcs
  6 endoplasms
  A giant cockroach (D:1)
  8 goblins
  11 hobgoblins
  6 jackals (D:3)
  8 kobolds
  3 quokkas
  4 ball pythons
  2 bats
  4 frilled lizards
  5 rats
86 creatures vanquished.

Notes
Turn   | Place    | Note
-------+----------+-------------------------------------------
     0 | D:1      | Kazon the Demigod Fighter began the quest for the Orb.
     0 | D:1      | Reached XP level 1. HP: 18/18 MP: 3/3
    46 | D:1      | Identified a scroll of acquirement
    46 | D:1      | Acquired the +0 pair of boots "Atrus" {rElec Dex+4}
   332 | D:1      | Reached XP level 2. HP: 25/25 MP: 4/4
   737 | D:3      | Found Umat's Antique Weapon Boutique.
   945 | D:2      | Reached XP level 3. HP: 20/30 MP: 5/5
  1209 | D:2      | Reached XP level 4. HP: 38/38 MP: 6/6
  1543 | D:3      | Bought a crude falchion for 184 gold pieces
  1543 | D:3      | Identified the +3 falchion of Winter {venom, rCorr} (You
                  | bought it in a shop on level 3 of the Dungeon)
  1663 | D:3      | Reached skill level 1 in Throwing
  1969 | D:4      | Noticed Eustachio
  1987 | D:4      | Killed Eustachio
  1988 | D:4      | Reached skill level 1 in Dodging
  1988 | D:4      | Reached XP level 5. HP: 45/45 MP: 7/7
  2197 | D:4      | Noticed an ogre
  2208 | D:4      | Killed an ogre
  2209 | D:4      | Reached XP level 6. HP: 32/51 MP: 8/8
  2260 | D:4      | Reached skill level 1 in Evocations
  2283 | D:4      | Noticed Natasha
  2288 | D:4      | Killed Natasha
  2455 | D:4      | Noticed Natasha
  2464 | D:4      | Killed Natasha
  2574 | D:4      | Noticed Natasha
  2602 | D:4      | Killed Natasha
  2777 | D:4      | Reached XP level 7. HP: 53/57 MP: 9/9
  2885 | D:4      | Slain by a water moccasin

Illustrated notes

Levels and vault maps discovered:
D:1:      dpeg_arrival_three_smaller_balls, layout_basic
D:2:      layout_loops_ring
D:3:      layout_basic, serial_shops, nicolae_shop_stone, st_stairs_7
D:4:      minmay_razor_zed, layout_basic, worldfamousw_hep_ancestral_shrine,
          uniq_eustachio, uniq_natasha

Skill      XL: |  1  2  3  4  5  6  7 |
---------------+----------------------+-----
Armour         | 3 4 |  4.3
Long Blades    | 2 3 4 |  4.1
Shields        | 3 |  3.9
Fighting       | 3 |  3.7
Throwing       | 1 2 |  2.0
Dodging        | 1 2 |  2.0
Evocations     | 1 2 |  2.5
Short Blades   | |  0.7
Stealth        | |  0.1

Action                   |  1- 3 |  4- 6 |  7- 9 || total
-------------------------+-------+-------+-------++-------
Melee: Long sword        |    79 |       |       ||    79
       Dagger            |     8 |    21 |       ||    29
       Falchion          |       |   116 |    32 ||   148
Throw: Stone             |     1 |    10 |       ||    11
       Dart              |       |     5 |     1 ||     6
  Use: Scroll            |     1 |       |     2 ||     3
Armor: Scale mail        |    48 |    66 |    17 ||   131
Dodge: Dodged            |    59 |    63 |    16 ||   138
Block: Buckler           |    20 |    40 |     9 ||    69
